 Dungeon Crawl Stone Soup version 0.19.5 (webtiles) character file.

900 Kosschaser the Slasher (level 7, -1/48 HPs)
             Began as a High Elf Skald on Mar 3, 2017.
             Was a Believer of Okawaru.
             Slain by an ice beast (8 damage)
             ... on level 5 of the Dungeon.
             The game lasted 00:19:28 (7328 turns).

Kosschaser the Slasher (High Elf Skald)             Turns: 7328, Time: 00:19:29

Health: -1/48      AC:  9    Str: 13    XL:     7   Next: 79%
Magic:  11/12      EV: 12    Int: 16    God:    Okawaru [**....]
Gold:   177        SH:  0    Dex: 15    Spells: 2 memorised, 9 levels left

rFire  . . .     SeeInvis .     a - +0 falchion
rCold  . . .     Gourm    .     A - +0 ring mail
rNeg   . . .     Faith    .     (no shield)
rPois  .         Spirit   .     (no helmet)
rElec  .         Reflect  .     C - +1 cloak
rCorr  .         Harm     .     (no gloves)
MR     .....                    f - +0 pair of boots
Stlth  +.........               (no amulet)
                                (no ring)
                                (no ring)

@: lethally poisoned (-1 -> -3), infused
A: no striking features
a: Heroism, Renounce Religion


You were on level 5 of the Dungeon.
You worshipped Okawaru.
Okawaru was pleased with you.
You were not hungry.

You visited 1 branch of the dungeon, and saw 5 of its levels.
You also visited: Ossuary.

You collected 177 gold pieces.

Inventory:

Hand Weapons
 a - a +0 falchion (weapon)
Armour
 f - a +0 pair of boots (worn)
 A - a +0 ring mail (worn)
 C - a +1 cloak (worn)
Jewellery
 t - an uncursed ring of teleportation
Wands
 m - a wand of iceblast (6/15)
 y - a wand of slowing (40/48)
Scrolls
 h - 5 scrolls of remove curse
 k - a scroll of teleportation
 q - a scroll of amnesia {unknown}
 s - 2 scrolls of recharging {unknown}
 v - a scroll of magic mapping
 x - a scroll of enchant weapon {unknown}
 z - 2 scrolls of enchant armour {unknown}
 B - 2 scrolls of blinking
Potions
 b - a potion of berserk rage {unknown}
 e - a potion of degeneration {unknown}
 g - a potion of agility {unknown}
 i - 3 potions of brilliance {unknown}
 j - 3 potions of flight {unknown}
 l - 3 potions of curing {unknown}
 n - 2 potions of mutation {unknown}
 p - 2 potions of lignification
 r - 3 potions of might {unknown}
 u - a potion of heal wounds {unknown}
 D - a potion of ambrosia {unknown}
Books
 c - a book of Battle

   Spells                             Type                      Level
   a - Infusion                       Charms                       1
   b - Shroud of Golubria             Charms/Translocation         2
   c - Song of Slaying                Charms                       2
   d - Spectral Weapon                Hexes/Charms                 3
   e - Regeneration                   Charms/Necromancy            3
Comestibles
 d - 3 bread rations
 o - 3 meat rations


   Skills:
 + Level 4.1 Fighting
 + Level 7.0 Long Blades
 + Level 3.5 Armour
 + Level 3.0 Dodging
 + Level 3.3 Spellcasting
 + Level 4.7 Charms


You had 9 spell levels left.
You knew the following spells:

 Your Spells              Type           Power        Failure   Level  Hunger
a - Infusion              Chrm           ###.         6%          1    None
b - Song of Slaying       Chrm           ###.....     10%         2    ##.....


Dungeon Overview and Level Annotations

Branches:
Dungeon (5/15)             Temple (0/1) D:5

Altars:
Okawaru
Trog
Xom
Zin

Shops:
D:5 :[:

Annotations:
D:3 zidoval's ghost, amateur HOFi
D:4 Kosschaser's ghost, novice HOCK


Message History

An ice beast comes into view.
You feel sick.
Found Cezatai's Book Emporium.
You see here a worker ant corpse.
You feel sick.
Casting: Infusion
Confirm with . or Enter, or press ? or * to list all spells.
You begin infusing your attacks with magical energy.
The ice beast barely misses you.
You barely miss the ice beast. The ice beast hits you.
The ice beast freezes you.
You closely miss the ice beast. The ice beast hits you.
The ice beast freezes you!
* * * LOW HITPOINT WARNING * * *
You hit the ice beast.
The ice beast is lightly wounded.
You feel sick. The ice beast hits you.
* * * LOW HITPOINT WARNING * * *
The ice beast freezes you!
You die...

#>.................
###...............#
#####*#................
#....*#................
#....*#...........##.#.
#....*#...........##.#.
#....*#...........##...
#....#####.##.########.
#....Y@....##.# #.
#....########.# *****##
#....+,,* #.#**,,,,,,
#....**,* #.#*,,*****
#....**,****#..,,,* *
#....**,**,,..#*,,*****
#.∩..**,,,,*#.#*,,,,,,,
#....*****,**,**,,,,,,,
*,,,,* *,,,,,,,,,,,,,


You could see an ice beast.

Vanquished Creatures
  The ghost of AlexALEX2 the Shooter, an amateur CeHu (Ossuary)
  An ogre (D:5)
  A bullfrog (D:4)
  A scorpion (D:4)
  A crimson imp (D:3)
  A centaur zombie (Ossuary)
  A bullfrog zombie (D:5)
  2 human zombies (Ossuary)
  A jelly (D:3)
  An orc wizard (D:4)
  An iguana (D:4)
  2 worker ants
  3 mummies (Ossuary)
  10 adders
  5 gnolls
  An ooze (D:4)
  3 worms
  3 dart slugs
  2 leopard geckos
  7 orcs
  2 giant cockroaches (D:1)
  A gnoll zombie (Ossuary)
  8 goblins
  8 hobgoblins
  6 jackals
  6 kobolds
  2 quokkas
  2 ball pythons
  3 bats
  5 frilled lizards
  2 kobold zombies (Ossuary)
  2 orc zombies (Ossuary)
  9 rats
104 creatures vanquished.

Notes
Turn   | Place    | Note
-------+----------+-------------------------------------------
     0 | D:1      | Kosschaser the High Elf Skald began the quest for the Orb.
     0 | D:1      | Reached XP level 1. HP: 14/14 MP: 4/4
   120 | D:1      | Reached XP level 2. HP: 5/19 MP: 2/6
   647 | D:1      | Reached skill level 1 in Armour
  1211 | D:1      | Reached XP level 3. HP: 17/25 MP: 7/7
  1430 | D:1      | Reached skill level 3 in Long Blades
  1500 | D:1      | You fall through a shaft!
  2929 | D:3      | Reached XP level 4. HP: 10/30 MP: 5/9
  3124 | D:3      | Found an iron altar of Okawaru.
  3124 | D:3      | Found a bloodstained altar of Trog.
  3125 | D:3      | Found a glowing silver altar of Zin.
  3131 | D:3      | Became a worshipper of Warmaster Okawaru
  3221 | D:3      | Reached skill level 4 in Long Blades
  3525 | D:3      | Noticed zidoval's ghost (amateur HOFi)
  3606 | D:4      | Reached XP level 5. HP: 31/35 MP: 3/10
  3619 | D:4      | Learned a level 2 spell: Song of Slaying
  3807 | D:4      | Noticed Kosschaser's ghost (novice HOCK)
  4553 | D:3      | Found a shimmering altar of Xom.
  4752 | D:3      | Reached XP level 6. HP: 12/42 MP: 11/11
  5110 | D:4      | Reached skill level 5 in Long Blades
  5133 | D:4      | Reached * piety under Okawaru
  5995 | D:5      | Entered Level 5 of the Dungeon
  6308 | D:5      | Reached skill level 6 in Long Blades
  6308 | D:5      | Reached XP level 7. HP: 34/46 MP: 7/12
  6377 | D:5      | Found Wouges's Antique Armour Shop.
  6391 | D:5      | Found Xaimaf's Book Emporium.
  6504 | D:5      | Found a sand-covered staircase.
  6510 | Ossuary  | Entered an ossuary
  6554 | Ossuary  | Noticed AlexALEX2's ghost (amateur CeHu)
  6591 | Ossuary  | Killed AlexALEX2's ghost
  6934 | Ossuary  | Reached ** piety under Okawaru
  7069 | Ossuary  | Reached skill level 7 in Long Blades
  7322 | D:5      | Found Cezatai's Book Emporium.
  7328 | D:5      | Slain by an ice beast

Skill      XL: |  1  2  3  4  5  6  7 |
---------------+----------------------+-----
Armour         | 1 2 3 |  3.5
Charms         | 4 |  4.7
Long Blades    | 3 4 6 7 |  7.0
Spellcasting   | 3 |  3.3
Fighting       | 3 4 |  4.1
Dodging        | 2 3 |  3.0

Action                   |  1- 3 |  4- 6 |  7- 9 || total
-------------------------+-------+-------+-------++-------
Melee: Falchion          |   163 |   195 |   184 ||   542
 Cast: Infusion          |     8 |     8 |     3 ||    19
       Song of Slaying   |       |     1 |     1 ||     2
  Use: Scroll            |       |     7 |     5 ||    12
       Potion            |       |       |     1 ||     1
 Stab: Sleeping          |     1 |     1 |       ||     2
  Eat: Chunk             |     6 |     8 |     2 ||    16
       Pizza             |       |     1 |     1 ||     2
       Royal jelly       |       |     1 |       ||     1
Armor: Leather armour    |    52 |     6 |       ||    58
       Ring mail         |       |    46 |    38 ||    84
       Skin              |       |       |    16 ||    16
Dodge: Dodged            |   103 |   124 |    63 ||   290
       Rpst.: Falchion   |    28 |    49 |    23 ||   100
